 Dungeon Crawl Stone Soup version 0.30-a0-948-g4fa250aae5 (webtiles) character file.

Game seed: 12144547851210885287

1660 xian the Cudgeller (level 8, -1/77 (80) HPs)
             Began as a Troll Berserker on Mar 27, 2023.
             Was an Elder of Trog.
             Slain by a wight
             ... wielding a +1 halberd of freezing
              (14 damage)
             ... on level 6 of the Dungeon.
             The game lasted 00:14:31 (5333 turns).

xian the Cudgeller (Troll Berserker)                Turns: 5333, Time: 00:14:34

HP:   -1/77 (80)    AC:  6    Str: 26    XL:     8   Next: 68%
MP:   7/7           EV: 12    Int:  3    God:    Trog [****..]
Gold: 333           SH:  0    Dex: 15    Spells: 7/7 levels left

rFire   . . .      SeeInvis .    a - +0 mace (venom)
rCold   + . .      Faith    .    (no shield)
rNeg    + . .      Spirit   .    I - +2 robe of Anaesthesia {rC+ Str-2 Dex+6 Archmagi}
rPois   .          Reflect  .    (helmet restricted)
rElec   .          Rampage  .    (no cloak)
rCorr   .          Archmagi +    (gloves unavailable)
Will    +....                    (boots unavailable)
Stlth   ++                       (no amulet)
HPRegen 1.12/turn                i - ring of willpower
MPRegen 0.10/turn                j - ring of positive energy

@: lightly drained
A: large, unfitting armour, claws 3, regeneration 1, shaggy fur 1, tough skin 1
a: Renounce Religion, Berserk, Trog's Hand, Brothers in Arms


You were on level 6 of the Dungeon.
You worshipped Trog.
Trog was greatly pleased with you.
You visited 1 branch of the dungeon, and saw 6 of its levels.
You also visited: Sewer and Ossuary.

You collected 333 gold pieces.

Inventory:

Hand Weapons
 a - a +0 mace of venom (weapon)
Missiles
 c - 64 poisoned darts
 m - 42 stones (quivered)
 x - 4 boomerangs
 D - a curare-tipped dart
 E - 4 throwing nets
Armour
 I - the +2 robe of Anaesthesia (worn) {rC+ Str-2 Dex+6 Archmagi}
   (You found it on level 5 of the Dungeon)

   Str:       It affects your strength (-2).
   Dex:       It affects your dexterity (+6).
   rC:        It protects you from cold.
   Archmagi:  It increases the power of your magical spells.
Jewellery
 i - a ring of willpower (left claw)
 j - a ring of positive energy (right claw)
Wands
 w - a wand of quicksilver (6)
 y - a wand of roots (21)
 H - a wand of charming (3)
Scrolls
 e - a scroll of brand weapon
 f - a scroll of amnesia
 g - 2 scrolls of magic mapping
 h - a scroll of summoning
 p - a scroll of fog
 s - a scroll of enchant weapon
 u - a scroll of blinking
 z - 3 scrolls of teleportation
 F - 2 scrolls of poison {unknown}
 G - a scroll of enchant armour
Potions
 b - 2 potions of curing {unknown}
 d - a potion of flight {unknown}
 k - a potion of haste
 l - a potion of might {unknown}
 n - a potion of resistance {unknown}
 o - 2 potions of heal wounds {unknown}
 q - a potion of brilliance {unknown}
 r - a potion of cancellation {unknown}
 t - 2 potions of degeneration {unknown}
 v - 3 potions of attraction {unknown}
 A - a potion of mutation {unknown}
 B - a potion of ambrosia {unknown}
 C - a potion of berserk rage {unknown}


   Skills:
 + Level 5.0 Fighting
 + Level 7.5 Maces & Flails
 * Level 1.3 Throwing
 + Level 4.9 Dodging
 + Level 1.1 Stealth


You had 7 spell levels left.
You didn't know any spells.
Your spell library contained the following spells:

 Spells                   Type           Power      Damage    Failure   Level
 Freeze                   Ice            0%         1d3       52%         1
 Necrotise                Necr           0%         1d4       52%         1
 Blink                    Tloc           0%         N/A       67%         2
 Lesser Beckoning         Tloc           0%         N/A       67%         2
 Momentum Strike          Conj/Tloc      0%         3d8       67%         2
 Frozen Ramparts          Ice            0%         1d1       88%         3
 Hailstorm                Conj/Ice       0%         3d3       88%         3
 Inner Flame              Hex/Fire       0%         N/A       88%         3
 Portal Projectile        Hex/Tloc       0%         N/A       88%         3
 Tukima's Dance           Hex            0%         N/A       88%         3
 Vampiric Draining        Necr           0%         2d6       88%         3
 Flame Wave               Conj/Fire      0%         2d4       99%         4
 Sticky Flame             Conj/Fire      0%         2d3       99%         4
 Agony                    Necr           0%         N/A       100%        5
 Blade Hands              Tmut           0%         N/A       100%        5
 Conjure Ball Lightning   Conj/Air       0%         3x3d6     100%        6
 Borgnjor's Revivificati  Necr           0%         N/A       100%        8
 Discord                  Hex            0%         N/A       100%        8
 Disjunction              Tloc           0%         N/A       100%        8
 Necromutation            Tmut/Necr      0%         N/A       100%        8
 Death's Door             Necr           0%         N/A       100%        9


Dungeon Overview and Level Annotations

Branches:
Dungeon (6/15)              Sewer (visited)         Ossuary (visited)
 Temple: D:4-7

Altars:
Dithmenos
Nemelex Xobeh
Sif Muna
Trog
Uskayaw
Wu Jian
Xom

Annotations:
D:6 1 transporter, bmack86's ghost, novice MiFi


Innate Abilities, Weirdness & Mutations

You are too large for most types of armour.
You have claws for hands.
Your natural rate of healing is unusually fast.
You are covered in fur. (AC +1)
You have tough skin. (AC +1)


Message History

a +0 dagger; a kobold corpse You see here a +0 dagger.
You see here a +0 leather armour.
You now have 318 gold pieces (gained 18).
HP restored.
You now have 333 gold pieces (gained 15).
A wight comes into view.
It is wielding a +2 halberd of freezing.
A wight comes into view. It is wielding a +4 falchion.
A wight comes into view.
It is wielding a +1 halberd of freezing.
The wight hits you from afar with a +2 halberd of freezing.
The wight freezes you.
The wight hits you with a +2 halberd of freezing!
The wight freezes you.
You barely miss the wight. You sock the wight!
The wight is almost destroyed.
The wight barely misses you.
You hit the wight but do no damage.
The wight is almost destroyed.
The wight hits you with a +4 falchion! You partially resist.
You feel drained.
The wight hits you from afar with a +2 halberd of freezing!
The wight freezes you.
You closely miss the wight.
The wight is almost destroyed.
The wight misses you.
The wight hits you from afar with a +2 halberd of freezing!
The wight freezes you.
You thump the wight!
You destroy the wight!
Trog accepts your kill.
The wight hits you from afar with a +2 halberd of freezing!
You partially resist.
You feel drained. The wight freezes you.
The wight hits you with a +2 halberd of freezing!
* * * LOW HITPOINT WARNING * * *
You partially resist.
You feel drained.
* * * LOW HITPOINT WARNING * * *
The wight freezes you.
* * * LOW HITPOINT WARNING * * *
The wight hits you from afar with a +1 halberd of freezing!
You die...

#.......#
#.......#
###...###
#...#
##.## #.#
#.# #.#
#@# #z#
#z# #.#
#.# #..
###


You could see 2 wights.

Vanquished Creatures
  An ice beast (D:5)
  A centaur (D:5)
  A phantom (D:4)
  An elf zombie (Ossuary)
  8 kobold brigands
  2 scorpions (D:5)
  A wight (D:6)
  4 human zombies (Ossuary)
  A gnoll bouda (D:4)
  An iguana (D:5)
  An orc wizard (D:5)
  3 hound zombies (Ossuary)
  3 mummies (Ossuary)
  10 gnolls
  7 adders
  3 river rats (Sewer)
  An ufetubus (D:5)
  4 adder zombies (Ossuary)
  7 worms
  3 dart slugs
  4 orcs
  3 bats
  17 endoplasms
  5 giant cockroaches
  7 goblins
  6 hobgoblins
  4 jackals (D:1)
  11 kobolds
  9 quokkas
  11 ball pythons
  8 frilled lizards
  2 gnoll zombies (Ossuary)
  4 goblin zombies (Ossuary)
  3 hobgoblin zombies (Ossuary)
  A jackal zombie (Ossuary)
  3 kobold zombies (Ossuary)
  3 orc zombies (Ossuary)
  3 quokka zombies (Ossuary)
  11 rats
  2 rat zombies (Ossuary)
180 creatures vanquished.

Vanquished Creatures (others)
  9 plants
9 creatures vanquished.

Grand Total: 189 creatures vanquished

Notes
Turn   | Place    | Note
-------+----------+-------------------------------------------
     0 | D:1      | xian the Troll Berserker began the quest for the Orb.
     0 | D:1      | Reached XP level 1. HP: 22/22 MP: 0/0
   173 | D:1      | Found a faded altar of an unknown god.
   180 | D:1      | Reached XP level 2. HP: 21/29 MP: 1/1
   353 | D:1      | Reached skill level 3 in Maces & Flails
   400 | D:1      | Reached ** piety under Trog
   580 | D:1      | Reached XP level 3. HP: 35/36 MP: 2/2
  1298 | D:2      | Found a shimmering altar of Xom.
  1864 | D:3      | Reached XP level 4. HP: 44/44 MP: 3/3
  1916 | D:3      | Found a hide-covered altar of Uskayaw.
  1996 | D:3      | Reached *** piety under Trog
  2518 | D:4      | Found a sand-covered staircase.
  2528 | Ossuary  | Entered an ossuary
  2614 | Ossuary  | Reached skill level 4 in Maces & Flails
  2614 | Ossuary  | Reached XP level 5. HP: 42/53 MP: 4/4
  2703 | Ossuary  | Reached XP level 6. HP: 61/61 MP: 5/5
  2785 | Ossuary  | Reached skill level 5 in Maces & Flails
  2977 | D:4      | Reached **** piety under Trog
  2985 | D:4      | Found a glowing drain.
  3005 | Sewer    | Entered a sewer
  3078 | Sewer    | Reached XP level 7. HP: 64/68 MP: 6/6
  3434 | Sewer    | Reached skill level 6 in Maces & Flails
  3855 | D:4      | Reached XP level 8. HP: 79/79 MP: 7/7
  3871 | D:5      | Entered Level 5 of the Dungeon
  3951 | D:5      | Found a bloodstained altar of Trog.
  4027 | D:5      | Reached skill level 7 in Maces & Flails
  4158 | D:5      | Found a sparkling altar of Nemelex Xobeh.
  4197 | D:5      | Reached skill level 1 in Stealth
  4467 | D:5      | Identified the +2 robe of Anaesthesia {rC+ Str-2 Dex+6
                  | Archmagi}
  4855 | D:4      | Found a shadowy altar of Dithmenos.
  4957 | D:4      | Found an ornate altar of the Wu Jian Council.
  4957 | D:4      | Found a shimmering blue altar of Sif Muna.
  5035 | D:4      | Reached skill level 1 in Throwing
  5262 | D:6      | Found a transporter.
  5266 | D:6      | Noticed bmack86's ghost (novice MiFi)
  5280 | D:6      | Reached skill level 5 in Fighting
  5333 | D:6      | Slain by a wight

Illustrated notes

Levels and vault maps discovered:
D:1:      tekkud_arrival_beachfront_property, layout_basic,
          ebering_ecumenical_altar_petrified, minmay_lizard_king
D:2:      layout_basic, basic_altar
D:3:      layout_loops_ring, mainiacjoe_overflow_alcove_4
D:4:      layout_cave_pools, amethyst_overflow_temple_binary,
          mainiacjoe_overflow_24_doors, gup_sewer_entry_pipe,
          lightli_ossuary_entry_decrepit_ruins, minmay_unequal
D:5:      layout_loops_ring, kennysheep_mini_moat, trog_book
D:6:      layout_loops_cross, minmay_temple_entry_overgrown,
          gammafunk_ghost_stat_death, kennysheep_generic_room_15

Skill      XL: |  1  2  3  4  5  6  7  8 |
---------------+-------------------------+-----
Maces & Flails | 3 4 5 6 7 |  7.5
Fighting       | 3 4 5 |  5.0
Dodging        | 3 4 |  4.9
Stealth        | 1 |  1.1
Throwing       | 1 |  1.3

Action                     |  1- 3 |  4- 6 |  7- 9 || total
---------------------------+-------+-------+-------++-------
  Melee: Mace              |   149 |   253 |   218 ||   620
         Punch             |     2 |     8 |     4 ||    14
  Throw: Dart              |     5 |       |       ||     5
         Stone             |     1 |       |    25 ||    26
 Invoke: Berserk           |       |     4 |     9 ||    13
         Trog's Hand       |       |       |     1 ||     1
    Use: Scroll            |       |     7 |     4 ||    11
   Stab: Sleeping          |     1 |       |     1 ||     2
 Armour: Animal skin       |    52 |    94 |    52 ||   198
         Robe              |       |       |    50 ||    50
  Dodge: Dodged            |    82 |   154 |   183 ||   419

Table legend: (Time is in decaauts)
 A = Elapsed time spent in this place.
 B = Non-inter-level travel time spent in this place.
 C = Inter-level travel time spent in this place.
 D = Time resting spent in this place.
 E = Time spent auto-exploring this place.
 F = Levels seen in this place.
 G = Mean time per level.
                   A        B        C        D        E       F      G
               +--------+--------+--------+--------+--------+-----+--------+
         Total |   5524 |   5402 |    122 |      0 |   3030 |   8 |  690.5 |
       Dungeon |   4285 |   4163 |    122 |      0 |   2644 |   6 |  714.2 |
         Sewer |    773 |    773 |      0 |      0 |    376 |   1 |  773.0 |
       Ossuary |    465 |    465 |      0 |      0 |     10 |   1 |  465.0 |
               +--------+--------+--------+--------+--------+-----+--------+

Top non-repeatable levels by time:
     D:1: 1095 daAuts
     D:5: 828 daAuts
     D:4: 810 daAuts
     D:3: 788 daAuts
   Sewer: 773 daAuts
     D:2: 676 daAuts
 Ossuary: 465 daAuts
     D:6: 86 daAuts
